 Dungeon Crawl Stone Soup version 0.16-a0-3483-g6616b5b (webtiles) character file.

43198 NewYearsCrawler the Severer (level 14, -2/89 (93) HPs)
             Began as a Formicid Fighter on Jan 3, 2015.
             Was the Champion of Okawaru.
             Slain by kroki's ghost (3 damage)
             ... on level 4 of the Orcish Mines.
             The game lasted 00:56:09 (21840 turns).

NewYearsCrawler the Severer (Formicid Fighter)     Turns: 21840, Time: 00:56:09

HP:   -2/89 (93)    AC: 23    Str: 26    XL:     14   Next: 59%
MP:   17/18         EV: 11    Int:  8    God:    Okawaru [******]
Gold: 1402          SH: 14    Dex: 10    Spells: 0 memorised, 13 levels left

rFire  + . .     SeeInvis +     x - +3 war axe (vamp)
rCold  . . .     Clarity  .     w - +3 plate armour {MR+}
rNeg   + . .     SustAb   .     c - +0 shield
rPois  .         Gourm    .     (helmet unavailable)
rElec  .         Spirit   .     E - +0 cloak
rCorr  .         Warding  .     o - +0 pair of gloves
rMut   .         Stasis   +     L - +2 pair of boots
MR     ++...                    q - amulet of faith
Stlth  ..........               s - ring of protection from fire
                                D - ring of positive energy

@: heroism, very slightly contaminated, invisible, very resistant to hostile
enchantments, extremely unstealthy
A: permanent stasis, dig shafts and tunnels, four strong arms, antennae 3,
hooves 2, repulsion field 1, icy blue scales 1, slow healing 1, evolution 2
a: Dig, Shaft Self, Heroism, Renounce Religion


You were on level 4 of the Orcish Mines.
You worshipped Okawaru.
Okawaru was exalted by your worship.
You were hungry.

You visited 4 branches of the dungeon, and saw 23 of its levels.
You also visited: Sewer.

You collected 2078 gold pieces.
You spent 676 gold pieces at shops.

Inventory:

Hand weapons
 x - a +3 vampiric war axe (weapon)
 Q - a +2 battleaxe of chopping
Missiles
 h - 12 javelins
 n - 2 steel javelins
 t - 4 poisoned javelins (quivered)
 y - 10 tomahawks
 H - 4 tomahawks of returning
 K - 4 silver tomahawks
Armour
 c - a +0 shield (worn)
 o - a +0 pair of gloves (worn)
 w - a +3 plate armour of magic resistance (worn)
 E - a +0 cloak (worn)
 L - a +2 pair of boots (worn)
 U - a +2 ring mail of poison resistance
Jewellery
 q - an amulet of faith (around neck)
 s - a ring of protection from fire (right hand)
 D - a ring of positive energy (left hand)
Magical devices
 b - a wand of slowing (36)
 e - a wand of flame (48)
 g - a wand of lightning (0)
 j - a wand of slowing (24)
 v - a wand of cold (0)
 F - a wand of flame (26)
 G - a wand of frost (11)
 I - a wand of teleportation (5)
 O - a wand of flame (17)
 R - a wand of draining (0)
Scrolls
 f - 3 scrolls of magic mapping
 i - 12 scrolls of identify
 p - 3 scrolls of remove curse
 u - 6 scrolls of enchant armour
 C - 3 scrolls of random uselessness
 T - a scroll of fog
Potions
 r - a potion of agility
 A - 2 potions of restore abilities
 M - 2 potions of brilliance
 S - a potion of flight
Comestibles
 d - 10 bread rations
 k - 33 fruits
 l - 2 beef jerkies
 m - 8 slices of pizza
 z - 9 meat rations
 B - 2 royal jellies
 P - 4 chunks of flesh


   Skills:
 - Level 3.2(8.2) Fighting
 * Level 20.7(25.7) Axes
 - Level 3.2(8.2) Armour
 - Level 11.0(16.0) Shields


You had 13 spell levels left.
You didn't know any spells.

Dungeon Overview and Level Annotations

Branches:
Dungeon (15/15)            Temple (1/1) D:6            Lair (3/8) D:9
    Orc (4/4) D:12            Elf (0/3) Orc:3        Vaults (0/5) D:13
  Swamp: Lair:3-6    Shoals: Lair:3-6     Snake: Lair:3-6    Spider: Lair:3-6
 Depths: D:15

Altars:
Ashenzari
Cheibriados
Dithmenos
Elyvilon
Fedhas
Gozag
Kikubaaqudgha
Makhleb
Okawaru
Qazlal
Ru
Sif Muna
Vehumet
Xom
Zin
The Shining One
Beogh
Jiyva

Shops:
D:7 %   D:11 [   D:14 *   Orc:4 ?

Portals:
Trove: D:12 (give 2 potions of cure mutation)

Annotations:
D:10 hydra!
Orc:4 kroki's ghost, powerful MiBe


Innate Abilities, Weirdness & Mutations

You are under a permanent stasis effect.
You can dig through walls and to a lower floor.
Your four strong arms can wield two-handed weapons with a shield.
You have a pair of large antennae on your head (SInv).
You have hoof-like feet.
You are surrounded by a mild repulsion field (EV +2).
You are partially covered in icy blue scales (AC +1).
You heal slowly when monsters are visible.
You rapidly evolve.


Message History

You block kroki's ghost's attack.
You strike the helpless kroki's ghost from behind!
You slash kroki's ghost!
Kroki's ghost is heavily damaged.
You block kroki's ghost's attack.
You slash kroki's ghost!
Kroki's ghost is severely damaged.
Your plate armour prevents you from hitting kroki's ghost.
Kroki's ghost is severely damaged.
You closely miss kroki's ghost.
Kroki's ghost is severely damaged.
Kroki's ghost hits you.
* * * LOW HITPOINT WARNING * * *
x2 You slash kroki's ghost!
Kroki's ghost is almost destroyed.
You catch the helpless kroki's ghost completely off-guard!
You slash kroki's ghost!
Kroki's ghost is almost destroyed.
Kroki's ghost hits you.
You die...

## ##. ##..###
..##...#
........#####
##......{##W##
....{...{#{#@#
#..5.....${{###
.5..........#.##
5.....5........#
.....5........###
....∩##.........#
.....
#.........## .##
###........# ..#
##..........#


You could see kroki's ghost.

Vanquished Creatures
  An ettin (D:15)
  A hydra (D:14)
  An ice dragon (D:9)
  Erica (Orc:2)
  2 dancing weapons (D:13)
  A centaur warrior (D:15)
  Nergalle (D:14)
  4 unseen horrors
  7 skeletal warriors
  7 hill giants
  A hill giant (shapeshifter) (D:13)
  2 orc knights
  2 griffons (D:13)
  An orc sorcerer (D:15)
  A black mamba (Lair:3)
  2 cyclopes (D:14)
  A centaur zombie (D:10)
  Joseph (D:7)
  The ghost of NewYearsCrawler the Cleaver, an experienced HOBe of Trog (D:6)
  4 spiny frogs
  2 gargoyles
  A guardian mummy (D:12)
  A komodo dragon (Lair:2)
  A polar bear (Lair:2)
  9 blink frogs
  A queen bee (shapeshifter) (D:14)
  A two-headed ogre (D:9)
  5 slime creatures
  20 yaks
  A wyvern (D:15)
  A vampire (D:14)
  Grum (Orc:2)
  12 vampire mosquitoes
  6 hippogriffs
  A harpy simulacrum (D:15)
  2 wargs
  2 hungry ghosts
  Edmund (Orc:1)
  3 wolves (Orc:2)
  3 porcupines
  6 water moccasins
  Purgy (Sewer)
  2 black bears
  17 orc warriors
  2 wasps
  An eye of draining (D:14)
  3 boggarts (D:14)
  4 phantoms
  15 ice beasts
  3 sky beasts
  4 ogres
  A necrophage (D:5)
  5 crocodiles
  3 centaurs
  10 giant frogs
  8 big kobolds
  A scorpion (D:5)
  5 electric eels
  5 killer bees (D:13)
  8 wights
  A quasit (D:9)
  6 hounds
  7 crimson imps
  3 goliath beetles
  A giant frog zombie (D:8)
  20 orc priests
  21 orc wizards
  8 jellies
  5 iguanas
  Crazy Yiuf (D:7)
  3 centaur skeletons
  2 giant frog skeletons (D:13)
  12 worker ants
  18 sheep
  A mummy (D:12)
  4 worker ant zombies
  17 adders
  2 shadow imps
  8 river rats
  A worm (D:3)
  An adder zombie (D:5)
  2 adder skeletons
  3 giant geckos
  2 oozes
  129 orcs
  13 bats
  A bat skeleton (D:4)
  2 giant cockroaches
  20 hobgoblins
  8 quokkas
  A ball python (D:4)
  A giant gecko skeleton (D:6)
  A giant gecko zombie (D:5)
  4 giant newts
  21 goblins
  18 jackals
  49 kobolds
  14 rats
  12 ballistomycetes
663 creatures vanquished.

Vanquished Creatures (collateral kills)
  A hydra (Lair:2)
1 creature vanquished.

Vanquished Creatures (others)
  A jelly (D:15)
  An iguana (D:5)
  3 orcs
  A giant cockroach (D:5)
  6 giant spores
  2 fungi (Lair:1)
14 creatures vanquished.

Grand Total: 678 creatures vanquished

Notes
Turn   | Place    | Note
--------------------------------------------------------------
     0 | D:1      | NewYearsCrawler, the Formicid Fighter, began the quest for the Orb.
     0 | D:1      | Reached XP level 1. HP: 18/18 MP: 1/1
     0 | D:1      | Noticed an elf zombie
     0 | D:1      | Noticed a centaur zombie
     1 | D:1      | Noticed a centaur
     7 | D:1      | Noticed an octopode
     9 | D:1      | Noticed a felid
    18 | D:1      | Noticed a vine stalker
    18 | D:1      | Noticed a gargoyle
    24 | D:1      | Noticed a felid
   157 | D:1      | Reached skill level 4 in Shields
   161 | D:1      | Reached XP level 2. HP: 24/24 MP: 3/3
  1035 | D:2      | Reached XP level 3. HP: 26/29 MP: 4/4
  1265 | D:2      | Reached skill level 5 in Shields
  1265 | D:2      | Reached XP level 4. HP: 20/35 MP: 5/5
  1676 | D:3      | Found a shattered altar of Ashenzari.
  2211 | D:4      | Found a glowing drain.
  2230 | D:4      | Reached XP level 5. HP: 19/41 MP: 7/7
  2321 | Sewer    | Entered a sewer
  2474 | Sewer    | Noticed Purgy
  2493 | Sewer    | Killed Purgy
  2493 | Sewer    | Reached skill level 6 in Shields
  2493 | Sewer    | Reached XP level 6. HP: 41/47 MP: 8/8
  2873 | D:4      | Found an opulent altar of Gozag.
  3132 | D:4      | Gained mutation: Your magical capacity is low (-10% MP). [potion of mutation]
  3132 | D:4      | Gained mutation: You are partially covered in icy blue scales (AC +1). [potion of mutation]
  3132 | D:4      | Gained mutation: You are frail (-10% HP). [potion of mutation]
  3133 | D:4      | Lost mutation: Your magical capacity is low (-10% MP). [potion of cure mutation]
  3133 | D:4      | Lost mutation: You are frail (-10% HP). [potion of cure mutation]
  3189 | D:4      | Reached skill level 7 in Shields
  3342 | D:5      | Entered Level 5 of the Dungeon
  3369 | D:5      | Reached XP level 7. HP: 48/52 MP: 9/9
  3527 | D:5      | Reached skill level 5 in Axes
  3675 | D:5      | Found a radiant altar of Vehumet.
  3696 | D:5      | Reached skill level 8 in Shields
  3727 | D:5      | Noticed a sky beast
  3736 | D:5      | Killed a sky beast
  3736 | D:5      | Reached XP level 8. HP: 54/54 MP: 11/11
  3797 | D:5      | Found a stormy altar of Qazlal.
  3872 | D:5      | Noticed an ice beast
  3885 | D:5      | Killed an ice beast
  4162 | D:5      | Reached skill level 9 in Shields
  4325 | D:6      | Noticed NewYearsCrawler's ghost (experienced HOBe)
  4509 | D:6      | Killed NewYearsCrawler's ghost
  4509 | D:6      | Reached XP level 9. HP: 20/60 MP: 12/12
  4755 | D:6      | Found a staircase to the Ecumenical Temple.
  4797 | Temple   | Entered the Ecumenical Temple
  4915 | Temple   | Became a worshipper of Warmaster Okawaru
  5240 | D:6      | Reached skill level 10 in Shields
  6070 | D:7      | Acquired Okawaru's first power
  6488 | D:7      | Reached skill level 11 in Shields
  6538 | D:7      | Found Iwuen's Food Shop.
  6543 | D:7      | Bought a meat ration for 50 gold pieces
  6584 | D:7      | Noticed Joseph
  6607 | D:7      | Killed Joseph
  6607 | D:7      | Reached XP level 10. HP: 66/66 MP: 13/13
  6646 | D:7      | Noticed Crazy Yiuf
  6654 | D:7      | Killed Crazy Yiuf
  6699 | D:8      | Reached skill level 10 in Axes
  6863 | D:8      | Found a radiant altar of Vehumet.
  7345 | D:9      | Found a staircase to the Lair.
  7350 | D:9      | Found a snail-covered altar of Cheibriados.
  7376 | D:9      | Gained mutation: You are resistant to hostile enchantments. [mutagenic meat]
  7377 | D:9      | Gained mutation: Your mind is acute. (Int +2) [mutagenic meat]
  7378 | D:9      | Gained mutation: You evolve. [mutagenic meat]
  7579 | D:9      | Found an ancient bone altar of Kikubaaqudgha.
  7604 | D:9      | Gained mutation: You can spit poison. [evolution]
  7769 | D:9      | Found a shimmering altar of Xom.
  8090 | D:10     | Entered Level 10 of the Dungeon
  8128 | D:9      | Reached skill level 12 in Axes
  8346 | D:9      | Noticed an ice dragon
  8357 | D:9      | HP: 2/66 [ice dragon/blast of cold (31)]
  8366 | D:9      | Killed an ice dragon
  8659 | D:9      | Reached XP level 11. HP: 39/71 MP: 15/15
  8791 | D:9      | Lost mutation: Your mind is acute. (Int +2) [evolution]
  9175 | D:10     | Reached skill level 13 in Axes
  9179 | D:10     | Gained mutation: You heal slowly when monsters are visible. [mutagenic meat]
  9180 | D:10     | Gained mutation: You possess an exceptional clarity of mind. [mutagenic meat]
  9181 | D:10     | Gained mutation: You are robust (+10% HP). [mutagenic meat]
  9460 | D:10     | Noticed a hill giant
  9696 | D:10     | Killed a hill giant
  9696 | D:10     | Received a gift from Okawaru
  9995 | D:10     | Reached skill level 14 in Axes
 10108 | D:10     | Gained mutation: You have large cloven feet. [evolution]
 10127 | D:10     | Noticed an unseen horror
 10166 | D:10     | Killed an unseen horror
 10285 | D:10     | Noticed a two-headed hydra
 10472 | Lair:1   | Entered Level 1 of the Lair of Beasts
 10502 | Lair:1   | Gained mutation: Your body is slowly deteriorating. [potion of mutation]
 10502 | Lair:1   | Gained mutation: Your body is deteriorating. [potion of mutation]
 10950 | Lair:1   | HP: 2/78 [blink frog (5)]
 11340 | Lair:1   | Acquired Okawaru's second power
 11412 | Lair:1   | Lost mutation: You are resistant to hostile enchantments. [potion of cure mutation]
 11412 | Lair:1   | Lost mutation: Your body is deteriorating. [potion of cure mutation]
 11412 | Lair:1   | Lost mutation: You possess an exceptional clarity of mind. [potion of cure mutation]
 11412 | Lair:1   | Lost mutation: Your body is slowly deteriorating. [potion of cure mutation]
 11412 | Lair:1   | Lost mutation: You are robust (+10% HP). [potion of cure mutation]
 11412 | Lair:1   | Lost mutation: You can spit poison. [potion of cure mutation]
 11733 | Lair:1   | Reached skill level 15 in Axes
 11981 | Lair:1   | Reached XP level 12. HP: 77/77 MP: 16/16
 12588 | Lair:1   | Reached skill level 16 in Axes
 12887 | Lair:2   | Gained mutation: You are surrounded by a mild repulsion field (EV +2). [evolution]
 13122 | Lair:2   | Noticed a four-headed hydra
 13141 | Lair:2   | Killed a four-headed hydra
 13667 | D:11     | Found Ecvisk's Antique Armour Shop.
 13672 | D:11     | Bought a glowing plate armour for 598 gold pieces
 13723 | D:11     | Received a gift from Okawaru
 13726 | D:11     | Got a steaming shield {god gift}
 13737 | D:11     | Identified the +0 shield of Negligence {+Inv rN+ Str-3} (Okawaru gifted it to you on level 11 of the Dungeon)
 14158 | D:11     | Identified the Grimoire of Beguiling and Good Luck
 14197 | D:11     | Reached skill level 17 in Axes
 14406 | D:11     | Noticed a skeletal warrior
 14407 | D:11     | Noticed a skeletal warrior
 14407 | D:11     | Noticed a skeletal warrior
 14458 | D:11     | Killed a skeletal warrior
 14469 | D:11     | Killed a skeletal warrior
 14863 | D:11     | Killed a skeletal warrior
 14863 | D:11     | Reached XP level 13. HP: 79/82 MP: 17/17
 15236 | D:12     | Found a staircase to the Orcish Mines.
 15301 | D:12     | Found a portal to a secret trove of treasure.
 15442 | D:12     | Gained mutation: You rapidly evolve. [evolution]
 15907 | D:12     | Reached skill level 18 in Axes
 16514 | D:13     | Received a gift from Okawaru
 17040 | D:13     | Found a gate to the Vaults.
 17324 | D:14     | Found a viscous altar of Jiyva.
 17338 | D:14     | Reached skill level 19 in Axes
 17571 | D:14     | Found Jaxzuc's Assorted Antiques.
 17574 | D:14     | Bought a scroll labeled COYTZIMAPH for 28 gold pieces
 17773 | D:14     | Received a gift from Okawaru
 18284 | D:14     | Noticed Nergalle
 18339 | D:14     | Killed Nergalle
 18351 | D:14     | Gained mutation: You have hoof-like feet. [evolution]
 18508 | D:13     | Reached XP level 14. HP: 89/89 MP: 18/18
 18730 | D:15     | Entered Level 15 of the Dungeon
 19171 | D:15     | HP: 3/89 [ettin/great mace (13)]
 19180 | D:15     | HP: 4/89 [ettin/great mace (13)]
 19619 | D:15     | Reached skill level 20 in Axes
 20234 | Orc:1    | Entered Level 1 of the Orcish Mines
 20234 | Orc:1    | Noticed Edmund
 20252 | Orc:1    | Killed Edmund
 20912 | Orc:2    | Noticed Grum
 20919 | Orc:2    | Killed Grum
 21064 | Orc:2    | Noticed Erica
 21077 | Orc:2    | Killed Erica
 21358 | Orc:3    | Found a roughly hewn altar of Beogh.
 21358 | Orc:3    | Found a staircase to the Elven Halls.
 21603 | Orc:4    | Entered Level 4 of the Orcish Mines
 21708 | Orc:4    | Received a gift from Okawaru
 21812 | Orc:4    | Found Clisme's Magic Scroll Shoppe.
 21815 | Orc:4    | Noticed kroki's ghost (powerful MiBe)
 21838 | Orc:4    | HP: 2/89 [kroki's ghost (4)]
 21840 | Orc:4    | Slain by kroki's ghost

Action                   |  1- 3 |  4- 6 |  7- 9 | 10-12 | 13-15 || total
-------------------------+-------+-------+-------+-------+-------++-------
Melee: War axe           |   110 |   181 |   366 |  1159 |  1079 ||  2895
Throw: Javelin           |       |       |       |    27 |     1 ||    28
Invok: Heroism           |       |       |       |     5 |     4 ||     9
 Abil: Dig               |     1 |       |       |    21 |    14 ||    36
Evoke: Wand              |       |       |       |    11 |     5 ||    16
       Phantom mirror    |       |       |       |     1 |       ||     1
  Use: Potion            |     2 |     8 |     4 |    16 |     4 ||    34
       Scroll            |       |     6 |     1 |    10 |     8 ||    25
 Stab: Invisible         |       |       |       |       |     2 ||     2
  Eat: Chunk             |       |     9 |    10 |    31 |    20 ||    70
       Bread ration      |       |     1 |       |     1 |     2 ||     4
